 Dungeon Crawl Stone Soup version 0.31-a0-232-gb1c03b2570 (webtiles) character file.

Game seed: 1905283450702778436

272 protoss039 the Digger (level 6, 0/46 HPs)
             Began as a Demonspawn Earth Elementalist on July 7, 2023.
             Slain by a gnoll
             ... wielding a +0 flail of protection
              (9 damage)
             ... on level 3 of the Dungeon.
             The game lasted 00:02:50 (2133 turns).

protoss039 the Digger (DsEE)                        Turns: 2133, Time: 00:02:50

Health: 0/46       AC:  7    Str:  8    XL:     6   Next: 2%
Magic:  0/10       EV:  6    Int: 18    God:
Gold:   108        SH:  0    Dex: 14    Spells: 5/11 levels left

rFire   . . .        e - +0 dagger
rCold   . . .        (no shield)
rNeg    . . .        a - +0 robe
rPois   .            i - +1 helmet
rElec   .            d - +0 cloak
rCorr   .            (no gloves)
SInv    +            (no boots)
Will    +....        (no amulet)
Stlth   ++           c - ring of willpower
HPRegen 0.27/turn    g - ring of see invisible
MPRegen 0.12/turn

%: no passive effects
@: very slightly contaminated, held
A: thin metallic scales 1
a: no special abilities


You were on level 3 of the Dungeon.
You visited 1 branch of the dungeon, and saw 3 of its levels.

You collected 108 gold pieces.

Inventory:

Hand Weapons
 e - a +0 dagger (weapon)
Armour
 a - a +0 robe (worn)
 d - a +0 cloak (worn)
 i - a +1 helmet (worn)
Jewellery
 c - a ring of willpower (left hand)
 g - a ring of see invisible (right hand)
Scrolls
 f - a scroll of torment {unknown}
 j - a scroll of fear
 k - a scroll of amnesia {unknown}
 o - a scroll of enchant armour {unknown}
Potions
 b - a potion of magic
 h - a potion of lignification {unknown}
 l - a potion of mutation {unknown}
 m - a potion of degeneration {unknown}
 n - a potion of enlightenment {unknown}


   Skills:
 + Level 2.7 Fighting
 - Level 1.7 Dodging
 - Level 1.7 Stealth
 + Level 3.2 Spellcasting
 * Level 2.8 Conjurations
 - Level 0.8 Transmutations
 + Level 3.8 Earth Magic


You had 5 spell levels left.
You knew the following spells:

 Your Spells              Type           Power      Damage    Failure   Level
a - Sandblast             Erth           32%        2d9       3%          1
b - Passwall              Tmut/Erth      9%         N/A       9%          2
c - Stone Arrow           Conj/Erth      30%        3d8       12%         3

Your spell library contained the following spells:

 Spells                   Type           Power      Damage    Failure   Level
 Kiss of Death            Conj/Necr      32%        2d7       9%          1
 Confusing Touch          Hex            2%         N/A       43%         3
 Petrify                  Tmut/Erth      11%        N/A       52%         4
 Dispel Undead            Necr           2%         3d7       85%         4


Dungeon Overview and Level Annotations

Branches:
Dungeon (3/15) Zot: 15840

Altars:
Makhleb


Innate Abilities, Weirdness & Mutations

You are partially covered in thin metallic scales. (AC +2)


Message History

You miscast Sandblast.
You are very lightly contaminated with residual magic.
Nothing appears to happen.
The gnoll hits you from afar with a +0 halberd.
Casting: Sandblast (safe; 3% risk of failure)
Confirm with . or Enter, or press ? or * to list all spells.
Aiming: Sandblast (safe; 3% risk of failure)
Press: ? - help, Shift-Dir - straight line, f/p - gnoll
Aim: a gnoll, wielding a +0 halberd (almost dead, 84% to hit)
The blast of sand hits the gnoll.
You kill the gnoll!
You have reached level 6!
Casting: Sandblast (safe; 3% risk of failure)
Confirm with . or Enter, or press ? or * to list all spells.
You don't have enough magic to cast this spell.
Unknown command.
Unknown command.
Casting: Sandblast (safe; 3% risk of failure)
Confirm with . or Enter, or press ? or * to list all spells.
You don't have enough magic to cast this spell.
You struggle against the net.
Unknown command.
You struggle against the net.
The gnoll hits you with a +0 flail of protection.
* * * LOW HITPOINT WARNING * * *
Unknown command.
You struggle against the net.
The gnoll hits you with a +0 flail of protection.
* * * LOW HITPOINT WARNING * * *
Unknown command.
You struggle against the net.
The gnoll barely misses you.
Unknown command.
Casting: Sandblast (safe; 3% risk of failure)
Confirm with . or Enter, or press ? or * to list all spells.
Aiming: Sandblast (safe; 3% risk of failure)
Press: ? - help, Shift-Dir - straight line, f - gnoll
Aim: a gnoll, wielding a +0 flail of protection (84% to hit)
The blast of sand hits the gnoll but does no damage.
The gnoll hits you with a +0 flail of protection!
You die...

######.#
#<.....#
##.###.####
#.# #....#
#.###.##.##
#.#...†...#
#.#.#........
#.#.#######.#
#.#..@g)....#
#.######.####


You could see a gnoll.

Vanquished Creatures
  Sigmund (D:2)
  Terence (D:2)
  Natasha (D:3)
  2 gnolls (D:3)
  An adder (D:2)
  A dart slug (D:1)
  3 ball pythons (D:1)
  An endoplasm (D:2)
  3 giant cockroaches (D:2)
  3 hobgoblins (D:1)
  2 kobolds (D:2)
  3 quokkas
  6 bats
  3 goblins
  10 rats
41 creatures vanquished.

Notes
Turn   | Place    | Note
-------+----------+-------------------------------------------
     0 | D:1      | protoss039 the Demonspawn Earth Elementalist began the
                  | quest for the Orb.
     0 | D:1      | Reached XP level 1. HP: 13/13 MP: 3/3
   366 | D:1      | Gained mutation: You are partially covered in thin metallic
                  | scales. (AC +2) [demonic ancestry]
   366 | D:1      | Reached XP level 2. HP: 19/20 MP: 0/5
   589 | D:1      | Reached skill level 1 in Fighting
   896 | D:2      | Learned a level 2 spell: Passwall
   917 | D:2      | Found a faded altar of an unknown god.
   923 | D:2      | Reached XP level 3. HP: 26/26 MP: 1/6
  1219 | D:2      | Found a burning altar of Makhleb.
  1274 | D:2      | Noticed Sigmund
  1441 | D:2      | Noticed Terence
  1529 | D:1      | Learned a level 3 spell: Stone Arrow
  1650 | D:2      | Killed Terence
  1651 | D:2      | Reached XP level 4. HP: 33/33 MP: 0/8
  1906 | D:2      | Killed Sigmund
  1907 | D:2      | Reached XP level 5. HP: 39/39 MP: 1/9
  2064 | D:3      | Noticed Natasha
  2068 | D:3      | Killed Natasha
  2129 | D:3      | Reached XP level 6. HP: 18/46 MP: 0/10
  2133 | D:3      | Slain by a gnoll

Illustrated notes

Levels and vault maps discovered:
D:1:      dreamdust_arrival_sigmund_warning, layout_loops_cross
D:2:      layout_loops_ring, dreamdust_ecumenical_altar_angels_and_demons,
          basic_altar, minmay_misc_feat_pillars, minivault_27, uniq_terence,
          uniq_sigmund
D:3:      layout_basic, mainiacjoe_overflow_paths, minitemple,
          marbit_many_paths, uniq_natasha, uniq_ijyb

Skill      XL: |  1  2  3  4 |
---------------+-------------+-----
Fighting       | 1 2 |  2.7
Earth Magic    | 3 |  3.8
Spellcasting   | 3 |  3.2
Conjurations   | 2 |  2.8
Dodging        | |  1.7
Stealth        | |  1.7
Transmutations | |  0.8

Action                     |  1- 3 |  4- 6 || total
---------------------------+-------+-------++-------
  Melee: Dagger            |    23 |       ||    23
   Cast: Sandblast         |    44 |     9 ||    53
         Stone Arrow       |     2 |     4 ||     6
    Use: Scroll            |     1 |       ||     1
 Armour: Robe              |    21 |       ||    21
  Dodge: Dodged            |    42 |     4 ||    46

Table legend: (Time is in decaauts)
 A = Elapsed time spent in this place.
 B = Non-inter-level travel time spent in this place.
 C = Inter-level travel time spent in this place.
 D = Time resting spent in this place.
 E = Time spent auto-exploring this place.
 F = Levels seen in this place.
 G = Mean time per level.
                   A        B        C        D        E       F      G
               +--------+--------+--------+--------+--------+-----+--------+
         Total |   2158 |   2034 |    124 |     72 |   1633 |   3 |  719.3 |
       Dungeon |   2158 |   2034 |    124 |     72 |   1633 |   3 |  719.3 |
               +--------+--------+--------+--------+--------+-----+--------+

Top non-repeatable levels by time:
     D:2: 1111 daAuts
     D:1: 965 daAuts
     D:3: 81 daAuts
